 Dungeon Crawl Stone Soup version 0.30-a0-141-g30f27751c5 (webtiles) character file.

Game seed: 1531608659882360240

2160 ytrimaz the Changer (level 9, -5/63 HPs)
             Began as an Octopode Transmuter on Sept 25, 2022.
             Was an Initiate of Gozag.
             Slain by a killer bee (7 damage)
             ... on level 7 of the Dungeon.
             The game lasted 00:12:49 (9360 turns).

ytrimaz the Changer (Octopode Transmuter)           Turns: 9360, Time: 00:12:49

Health: -5/63      AC:  8    Str: 10    XL:     9   Next: 31%
Magic:  14/19      EV: 10    Int: 19    God:    Gozag
Gold:   213        SH:  0    Dex: 12    Spells: 12/22 levels left

rFire   x . .      SeeInvis .      - Unarmed
rCold   + + +      Faith    .    (shield currently unavailable)
rNeg    . . .      Spirit   .    (helmet currently unavailable)
rPois   +          Reflect  .    (no amulet)
rElec   .          Harm     .    d - ring of resist corrosion
rCorr   +          Rampage  .    (no ring)
Will    .....                    (no ring)
Stlth   ++........               (no ring)
HPRegen 0.20/turn                (no ring)
MPRegen 0.16/turn                (no ring)
                                 (no ring)
                                 (no ring)

@: lethally poisoned (-5 -> -10), ice-form, wereblooded
A: freezing attack, boosted hp, almost no armour, amphibious, 8 rings, large,
(camouflage 1), (gelatinous body 1), (nimble swimmer 1), (tentacles)
a: End Transformation, Renounce Religion, Potion Petition, Call Merchant, Bribe
Branch


You were on level 7 of the Dungeon.
You worshipped Gozag.
Gozag was aware of your devotion.
You were a creature of crystalline ice.
You visited 2 branches of the dungeon, and saw 9 of its levels.

You collected 899 gold pieces.
You paid 686 gold pieces to Gozag.


Innate Abilities, Weirdness & Mutations

You are a creature of crystalline ice.
You have a powerful freezing melee attack.
Your maximum health is increased.
Your armour is entirely melded.
You are incapable of wielding weapons or throwing items.
You cannot wear most types of armour.
You are amphibious.
You can wear up to eight rings at the same time.
((Your skin changes colour to match your surroundings (Stealth+).))
((Your rubbery body absorbs attacks. (AC +1, EV +1)))
((You are camouflaged when in or above water. (Stealth+)))
((You have tentacles for arms and can constrict up to eight enemies at once.))


   Skills:
 - Level 1.0 Fighting
 - Level 2.0 Dodging
 + Level 1.4 Stealth
 - Level 3.0 Unarmed Combat
 + Level 7.2 Spellcasting
 + Level 7.7 Transmutations
 - Level 4.0 Ice Magic
 - Level 4.0 Poison Magic


You had 12 spell levels left.
You knew the following spells:

 Your Spells              Type           Power      Damage    Failure   Level
a - Beastly Appendage     Tmut           72%        N/A       1%          1
b - Wereblood             Tmut           36%        N/A       1%          2
c - Spider Form           Tmut/Pois      29%        N/A       2%          3
d - Ice Form              Ice/Tmut       29%        N/A       9%          4

Your spell library contained the following spells:

 Spells                   Type           Power      Damage    Failure   Level
 Passwall                 Tmut/Erth      17%        N/A       3%          2
 Ensorcelled Hibernation  Hex/Ice        28%        N/A       7%          2
 Poisonous Vapours        Pois/Air       28%        N/A       7%          2
 Cigotuvi's Dreadful Rot  Necr/Pois/Air  22%        N/A       9%          2
 Sandblast                Erth           12%        2d6       10%         1
 Summon Small Mammal      Summ           24%        N/A       10%         1
 Call Canine Familiar     Summ           6%         N/A       30%         3
 Stone Arrow              Conj/Erth      12%        3d7       30%         3
 Summon Guardian Golem    Hex/Summ       6%         N/A       30%         3
 Anguish                  Hex/Necr       3%         N/A       69%         4
 Dispel Undead            Necr           6%         3d8       69%         4
 Death Channel            Necr           3%         N/A       100%        6

Inventory:

Jewellery
 d - a ring of resist corrosion (left front paw)
   (You found it on level 1 of the Dungeon)
 r - an amulet of magic regeneration
   (You found it on level 7 of the Dungeon)
Wands
 a - a wand of digging (5)
   (You found it on level 2 of the Dungeon)
 f - a wand of polymorph (10)
   (You found it on level 5 of the Dungeon)
 g - a wand of flame (45)
   (You found it on level 2 of the Dungeon)
 k - a wand of roots (21)
   (You found it on level 3 of the Dungeon)
Scrolls
 b - a scroll of fog
 c - 3 scrolls of immolation
 e - 2 scrolls of torment
 h - a scroll of silence {unknown}
 p - a scroll of teleportation
 q - 2 scrolls of identify
Potions
 i - a potion of ambrosia
 j - a potion of berserk rage {unknown}
 l - 4 potions of might
 m - a potion of mutation {unknown}
 n - 2 potions of resistance
 o - a potion of degeneration {unknown}

Dungeon Overview and Level Annotations

Branches:
Dungeon (8/15) Zot: 26989  Temple (1/1) D:4 Zot: 5762
   Lair: D:8-11

Altars:
Ashenzari
Cheibriados
Dithmenos
Fedhas
Gozag
Hepliaklqana
Nemelex Xobeh
Okawaru
Qazlal
Uskayaw
Vehumet
Wu Jian
Xom
Zin

Shops:
D:3 (((*[ D:7

[:*[( #...'...###..#
#.# #...##.......# #.#
#...##..#.##.## #.#
#...##........# #.#
######..##.#..# ##.#
#..).##....# #..#
#####.))..###..####)##
...##..##.# #..y##..#
.#.##..##.###.yyYy.##
....#..##.....######
##.....######.#
##.##.# #.# #....# ###
######


You could see 4 killer bees.


Message History

Done exploring.
Done exploring.
There is an open door here.
There is a stone staircase leading down here.
You climb downwards.
The killer bee buzzes angrily. x4; You hear a shout!
There is a stone staircase leading up here.
Casting: Ice Form (dangerous; 9% risk of failure)
Confirm with . or Enter, or press ? or * to list all spells.
You turn into a creature of crystalline ice.
The killer bee closely misses you. The killer bee stings you. x2
The killer bee stings you but does no damage.
The killer bee barely misses you. 😕 HP[-2] MP[-4]
You now have 63 max hp (+10).
You lost 4 mp, and now have 15/19 mp.
Unknown command.
Casting: Ice Form (dangerous; 9% risk of failure)
Confirm with . or Enter, or press ? or * to list all spells.
Your blood is infused with primal strength.
The killer bee barely misses you. The killer bee stings you.
The killer bee closely misses you. The killer bee misses you.
The killer bee barely misses you.
An orc comes into view. It is wielding a +0 dagger.
The killer bee misses you. The killer bee closely misses you.
The killer bee stings you.
You are poisoned.
The killer bee poisons you! 😮 HP[-6] MP[-2]
You take 6 damage, and now have 45/63 hp.
You lost 2 mp, and now have 13/19 mp.
You closely miss the killer bee.
You feel sick. The killer bee closely misses you.
The killer bee stings you but does no damage.
The killer bee closely misses you. The killer bee stings you. 😮 HP[-4]
You take 4 damage, and now have 41/63 hp.
You hit the killer bee but do no damage.
You feel sick. The killer bee closely misses you.
The killer bee stings you but does no damage.
The killer bee barely misses you. x2
The killer bee stings you but does no damage. x2
The killer bee closely misses you.
The killer bee stings you but does no damage. 😮 HP[-1]
You take 1 damage, and now have 40/63 hp.
Unknown command.
You hit the killer bee. You freeze the killer bee.
You feel sick. The killer bee closely misses you.
The killer bee completely misses you.
The killer bee barely misses you. x2; The killer bee misses you.
The killer bee barely misses you. The killer bee closely misses you.
The killer bee stings you. 😮 HP[-6]
You take 6 damage, and now have 34/63 hp.
Unknown command.
You feel sick. The killer bee completely misses you.
The killer bee stings you but does no damage. x2
The killer bee closely misses you.
The killer bee stings you but does no damage.
The killer bee closely misses you.
The killer bee stings you but does no damage.
The killer bee stings you.
You climb upwards.
You feel sick.
There is a stone staircase leading down here.
Unknown command. 😮 HP[-2] MP[+1]
You take 2 damage, and now have 32/63 hp.
Unknown command.
Unknown command.
You closely miss the killer bee.
You feel sick.
You are no longer poisoned.
The killer bee barely misses you.
The killer bee stings you but does no damage.
The killer bee stings you.
* * * LOW HITPOINT WARNING * * *
The killer bee stings you!
* * * LOW HITPOINT WARNING * * *
The killer bee closely misses you. The killer bee stings you.
* * * LOW HITPOINT WARNING * * *
You are poisoned.
The killer bee poisons you! 😱 HP[-17]
You take 17 damage, and now have 15/63 hp.
MASSIVE DAMAGE!! (PAUSE)
You closely miss the killer bee.
You feel sick. The killer bee barely misses you. The killer bee stings you.
* * * LOW HITPOINT WARNING * * *
The killer bee stings you.
* * * LOW HITPOINT WARNING * * *
The killer bee stings you.
* * * LOW HITPOINT WARNING * * *
The killer bee stings you but does no damage. x2 😱 HP[-12]
You take 12 damage, and now have 3/63 hp.
You hit the killer bee but do no damage.
* * * LOW HITPOINT WARNING * * *
You feel sick.
The killer bee stings you but does no damage.
The killer bee misses you. The killer bee stings you!
You die...
Your body crumbles into a pile of gold.

Skill      XL: |  1  2  3  4  5  6  7  8  9 |
---------------+----------------------------+-----
Poison Magic   | 2 3 4 |  4.0
Ice Magic      | 2 3 4 |  4.0
Spellcasting   | 3 4 6 7 |  7.2
Transmutations | 3 4 5 7 |  7.7
Stealth        | 1 |  1.4
Fighting       | |  1.0
Dodging        | |  2.0
Unarmed Combat | |  3.0

Action                   |  1- 3 |  4- 6 |  7- 9 || total
-------------------------+-------+-------+-------++-------
Melee: Unarmed           |    86 |   121 |   189 ||   396
       Kick              |     9 |     6 |       ||    15
       Constrict         |    17 |    14 |     3 ||    34
       Tentacles         |    13 |    11 |     4 ||    28
       Punch             |       |     1 |       ||     1
 Cast: Beastly Appendage |    13 |     9 |       ||    22
       Spider Form       |     1 |    11 |     3 ||    15
       Ice Form          |       |     3 |    18 ||    21
       Wereblood         |       |     1 |     5 ||     6
Invok: Potion Petition   |       |       |     1 ||     1
Evoke: Wand              |     3 |     2 |       ||     5
  Use: Scroll            |     4 |     5 |     4 ||    13
       Potion            |     4 |     1 |     3 ||     8
 Stab: Sleeping          |     4 |     3 |       ||     7
Armor: Skin              |    24 |    12 |   129 ||   165
Dodge: Dodged            |    64 |    82 |   134 ||   280

Levels and vault maps discovered:
D:1:      dpeg_arrival_radiant, layout_basic,
          hellmonk_ecumenical_altar_crossroads, chequers_serial_rivers_micro_d
D:2:      layout_basic, minmay_misc_feat_chi, minmay_misc_feat_iff, uniq_sigmund
D:3:      layout_loops_ring, serial_shops, shop, nicolae_shop_trees,
          nicolae_shop_waterfront, nicolae_shop_temple_entry_statues_fountains,
          shop
D:4:      layout_rooms, nicolae_ashenzari_skybound,
          minmay_temple_entry_sparse_star, kennysheep_nondescript,
          kennysheep_donut, chequers_serial_rivers_micro_c, minmay_ruptured
D:5:      layout_gridville, fedhas_altar_2, portal_sewer_entry_e
D:6:      layout_rooms, mainiacjoe_overflow_concentric_impassable,
          nicolae_elevator_lobby_asterisk
D:7:      layout_basic, serial_shops, shop, nicolae_shop_statue_plus,
          nicolae_inconvenience_store, kennysheep_little_box, shop_statue,
          hex_medium
D:8:      layout_rooms, grunt_temple_overflow_holy_war,
          lemuel_zombie_altar_kikubaaqudgha, nicolae_sif_muna_condensation,
          minmay_the_grid_2x2 [minmay_the_grid_outer_diamond,
          minmay_the_grid_large_cup, minmay_the_grid_spikes,
          minmay_the_grid_prize_four_corners_diamond_a]
Temple:   minmay_temple_curvy_loop

Notes
Turn   | Place    | Note
-------+----------+-------------------------------------------
     0 | D:1      | ytrimaz the Octopode Transmuter began the quest for the
                  | Orb.
     0 | D:1      | Reached XP level 1. HP: 13/13 MP: 3/3
     0 | D:1      | magus.rc [v1.9.6]
   109 | D:1      | You pick up a book of Decay and begin reading...
   109 | D:1      | You add the spells Cigotuvi's Dreadful Rot, Dispel Undead
                  | and Death Channel to your library.
   129 | D:1      | HP: 3/13 [jackal (1)]
   131 | D:1      | Reached XP level 2. HP: 4/18 MP: 5/5
  1049 | D:1      | Found a faded altar of an unknown god.
  1451 | D:1      | Reached XP level 3. HP: 23/23 MP: 4/6
  1454 | D:1      | Learned a level 2 spell: Wereblood
  1458 | D:1      | Learned a level 3 spell: Spider Form
  1780 | D:2      | Reached skill level 1 in Poison Magic
  2162 | D:2      | Reached skill level 1 in Ice Magic
  2163 | D:2      | Noticed Sigmund
  2184 | D:2      | Killed Sigmund
  2185 | D:2      | Reached skill level 3 in Spellcasting
  2185 | D:2      | Reached skill level 3 in Transmutations
  2185 | D:2      | Reached skill level 2 in Ice Magic
  2185 | D:2      | Reached skill level 2 in Poison Magic
  2185 | D:2      | Reached XP level 4. HP: 11/28 MP: 6/8
  2185 | D:2      | Reached XP level 5. HP: 13/33 MP: 6/9
  2452 | D:2      | You pick up a book of Geomancy and begin reading...
  2452 | D:2      | You add the spells Sandblast, Passwall and Stone Arrow to
                  | your library.
  2464 | D:2      | You pick up a book of Callings and begin reading...
  2464 | D:2      | You add the spells Summon Small Mammal, Call Canine
                  | Familiar and Summon Guardian Golem to your library.
  2653 | D:2      | Learned a level 4 spell: Ice Form
  2738 | D:2      | Reached XP level 6. HP: 21/38 MP: 11/11
  3125 | D:3      | Found Kooxkuyl's General Store.
  3156 | D:3      | Found Jewinwot's Antique Weapon Emporium.
  3289 | D:3      | Found Jyejodig's Armour Boutique.
  3295 | D:3      | Reached skill level 3 in Poison Magic
  3618 | D:3      | Found Unefes's Weapon Shop.
  3661 | D:3      | Found Hiox Zur's Weapon Boutique.
  3952 | D:4      | Identified the +3 scale mail "Fasun" {rF+ rC+ rN+ Int-3}
  4022 | D:4      | HP: 3/38 [something (13)]
  4238 | D:4      | You pick up a book of Dreams and begin reading...
  4238 | D:4      | You add the spells Ensorcelled Hibernation and Anguish to
                  | your library.
  4639 | D:4      | Found a staircase to the Ecumenical Temple.
  4647 | Temple   | Entered the Ecumenical Temple
  4923 | Temple   | Became a worshipper of Gozag Ym Sagoz the Greedy
  4973 | D:4      | Reached skill level 3 in Ice Magic
  5111 | D:4      | Found a broken altar of Ashenzari.
  5254 | D:5      | Entered Level 5 of the Dungeon
  5254 | D:5      | Found a blossoming altar of Fedhas.
  5358 | D:5      | Reached skill level 4 in Transmutations
  5545 | D:5      | Reached XP level 7. HP: 21/43 MP: 9/12
  5935 | D:5      | Reached skill level 4 in Spellcasting
  6100 | D:5      | Reached skill level 4 in Poison Magic
  7128 | D:6      | Reached skill level 4 in Ice Magic
  7138 | D:6      | Reached skill level 5 in Transmutations
  7139 | D:6      | Reached XP level 8. HP: 48/48 MP: 5/15
  7147 | D:6      | Reached skill level 5 in Spellcasting
  7227 | D:6      | Found an iron altar of Okawaru.
  7558 | D:6      | HP: 11/57 [centaur (6)]
  8036 | D:6      | Reached skill level 6 in Transmutations
  8085 | D:7      | Reached skill level 6 in Spellcasting
  8279 | D:7      | Found Odaa's Antique Weapon Shoppe.
  8370 | D:7      | You pick up a book of Vapours and begin reading...
  8416 | D:7      | Reached skill level 7 in Transmutations
  8416 | D:7      | Reached XP level 9. HP: 53/53 MP: 12/18
  8663 | D:7      | HP: 5/53 [centaur/arrow (10)]
  8670 | D:7      | Reached skill level 7 in Spellcasting
  8847 | D:7      | Found Bessajal's Book Shoppe.
  8849 | D:7      | Found Olotem's General Store.
  8880 | D:7      | Found Kuzxezoa's Antique Armour Emporium.
  9022 | D:7      | Found Qiupsurgh's Armour Shop.
  9029 | D:7      | Reached skill level 1 in Stealth
  9358 | D:7      | HP: 15/63 [killer bee (5)]
  9359 | D:7      | HP: 7/63 [killer bee (6)]
  9359 | D:7      | HP: 3/63 [killer bee (3)]
  9360 | D:7      | Slain by a killer bee

Vanquished Creatures
  Sigmund (D:2)
  2 water moccasins (D:7)
  An ice beast (D:6)
  2 black bears
  A sky beast (D:7)
  3 centaurs
  3 phantoms
  A kobold brigand (D:7)
  3 bullfrogs
  A scorpion (D:5)
  A necrophage (D:6)
  2 jellies
  2 hounds
  An orc priest (D:5)
  3 orc wizards
  5 iguanas
  3 gnolls (D:7)
  5 adders
  A shadow imp (D:5)
  A white imp (D:6)
  An ufetubus (D:5)
  3 worms
  4 dart slugs
  15 orcs
  11 ball pythons
  7 endoplasms
  3 giant cockroaches
  5 goblins
  9 hobgoblins
  4 jackals (D:1)
  10 kobolds
  6 quokkas
  6 bats
  2 frilled lizards (D:3)
  10 rats
138 creatures vanquished.

Table legend:
 A = Non-vault XP
 B = Vault XP
 C = Vault XP percentage of total XP
 D = Non-vault monster count
 E = Vault monster count
 F = Vault count percentage of total count
                 A         B        C        D         E       F
            +---------+---------+-------+---------+---------+-------
      Total |    2826 |     261 |   8.5 |     125 |      13 |   9.4
            +---------+---------+-------+---------+---------+-------
        D:1 |      34 |       0 |   0.0 |      19 |       0 |   0.0
        D:2 |      55 |     239 |  81.3 |      27 |       1 |   3.6
        D:3 |      39 |       0 |   0.0 |      15 |       0 |   0.0
        D:4 |     180 |      11 |   5.8 |      13 |       4 |  23.5
        D:5 |     424 |      11 |   2.5 |      20 |       8 |  28.6
        D:6 |     802 |       0 |   0.0 |      11 |       0 |   0.0
        D:7 |    1292 |       0 |   0.0 |      20 |       0 |   0.0
            +---------+---------+-------+---------+---------+-------

Illustrated notes

Table legend:
 A = Kills in this place as a percentage of kills in entire the game.
 B = Kills by you in this place as a percentage of kills by you in the entire game.
 C = Kills by friends in this place as a percentage of kills by friends in the entire game.
 D = Other kills in this place as a percentage of other kills in the entire game.
 E = Experience gained in this place as a percentage of experience gained in the entire game.
 F = Experience gained in this place divided by the number of levels of this place that you have seen.
                   A       B       C       D       E      F
               +-------+-------+-------+-------+-------+----------------------
         Total | 100.0 | 100.0 |   N/A |   N/A | 100.0 | 343.0
       Dungeon | 100.0 | 100.0 |   N/A |   N/A | 100.0 | 385.9
               +-------+-------+-------+-------+-------+----------------------

Table legend: (Time is in decaauts)
 A = Elapsed time spent in this place.
 B = Non-inter-level travel time spent in this place.
 C = Inter-level travel time spent in this place.
 D = Time resting spent in this place.
 E = Time spent auto-exploring this place.
 F = Levels seen in this place.
 G = Mean time per level.
                   A        B        C        D        E       F      G
               +--------+--------+--------+--------+--------+-----+--------+
         Total |   9334 |   9126 |    208 |    488 |   7363 |   9 | 1037.1 |
       Dungeon |   9097 |   8931 |    166 |    488 |   7176 |   8 | 1137.1 |
        Temple |    237 |    195 |     42 |      0 |    187 |   1 |  237.0 |
               +--------+--------+--------+--------+--------+-----+--------+

Top non-repeatable levels by time:
     D:5: 1747 daAuts
     D:2: 1562 daAuts
     D:1: 1556 daAuts
     D:7: 1283 daAuts
     D:4: 1093 daAuts
     D:6: 1029 daAuts
     D:3: 819 daAuts
  Temple: 237 daAuts
     D:8: 6 daAuts
